 Dungeon Crawl Stone Soup version 0.24.0-29-g8ce449bc06 (webtiles) character file.

Game seed: 10439723696315260572, levelgen mode: deterministic

23276 Esekla the Thaumaturge (level 12, -13/83 HPs)
             Began as a Demonspawn Wanderer on Nov 17, 2019.
             Mangled by a naga warrior
             ... wielding a +0 trident
              (25 damage)
             ... on level 1 of the Snake Pit.
             The game lasted 03:56:27 (22927 turns).

Esekla the Thaumaturge (Demonspawn Wanderer)       Turns: 22927, Time: 03:56:27

Health: -13/83     AC: 12    Str: 14    XL:     12   Next: 70%
Magic:  36/36      EV: 11    Int: 21    God:
Gold:   928        SH:  0    Dex: 13    Spells: 11/33 levels left

rFire    . . .     SeeInvis .   d - +7 short sword
rCold    + . .     Gourm    .   (no shield)
rNeg     . . .     Faith    .   J - +0 steam dragon scales
rPois    +         Spirit   .   v - +2 helmet of Lucidity {rCorr}
rElec    .         Reflect  .   U - scarf {repulsion}
rCorr    +         Harm     .   K - +0 pair of gloves
MR       .....                  u - +1 pair of boots
Stlth    +++.......             Z - amulet of the acrobat
HPRegen  0.23/turn              h - ring of magical power
MPRegen  0.25/turn              c - ring of poison resistance

@: about to teleport, very slightly contaminated, constricted, invisible, repel
missiles
A: hooves 1, thin skeletal structure 2, cold resistance 1, demonic guardian 1,
freezing cloud immunity
a: no special abilities


You were on level 1 of the Snake Pit.
You were very hungry.

You visited 3 branches of the dungeon, and saw 17 of its levels.
You also visited: Gauntlet and Ice Cave.

You collected 928 gold pieces.

Inventory:

Hand Weapons
 d - a +7 short sword (weapon)
 k - a +0 falchion of protection
 m - a +0 long sword of flaming
 s - a +2 dagger of freezing
 t - a +0 trident
 L - the +9 hunting sling of Responsibility {speed, rF++}
   (You found it on level 9 of the Dungeon)

   Attacks with this weapon are significantly faster.
   It greatly protects you from fire.
 T - a +1 vampiric dagger
Missiles
 g - 59 poisoned darts
 l - 6 atropa-tipped darts
 A - a boomerang (quivered)
 D - 2 curare-tipped darts
 M - 3 boomerangs of dispersal
 R - 32 sling bullets
 Y - 18 javelins
Armour
 n - a +0 cloak
 u - a +1 pair of boots (worn)
 v - the +2 helmet of Lucidity (worn) {rCorr}
   (You found it in a Gauntlet)

   It provides partial protection from all sources of acid and corrosion.
 C - a scarf of cloud immunity
 H - a +1 robe of magic resistance
 J - +0 steam dragon scales (worn)
 K - a +0 pair of gloves (worn)
 U - a scarf of repulsion (worn)
Jewellery
 c - a ring of poison resistance (right hand)
 h - a ring of magical power (left hand)
 p - an uncursed ring of fire
 r - a +4 ring of strength
 y - an uncursed ring of protection from fire
 E - an uncursed ring of flight
 V - the ring of Salvation {rF+ rC+ rN+ Dex+3}
   (You found it in a Gauntlet)

   [ring of positive energy]

   It affects your dexterity (+3).
   It protects you from fire.
   It protects you from cold.
   It protects you from negative energy.
 W - the ring "Hoisouh" {+Blink +Fly rF- Stlth+}
   (You found it in a Gauntlet)

   [ring of flight]

   It makes you vulnerable to fire.
   It lets you fly.
   It lets you blink.
   It makes you more stealthy.
 Z - an amulet of the acrobat (around neck)
Wands
 N - a wand of iceblast (17)
 O - a wand of paralysis (19)
 S - a wand of acid (10)
Scrolls
 b - 8 scrolls of remove curse
 i - 6 scrolls of enchant armour
 j - 3 scrolls of immolation
 q - 3 scrolls of fear
 B - 3 scrolls of enchant weapon
 F - a scroll of silence
 G - 2 scrolls of blinking
 Q - 2 scrolls of magic mapping
 X - a scroll of fog
Potions
 a - a potion of agility
 e - 5 potions of lignification
 o - a potion of flight
 w - 2 potions of magic
 z - 2 potions of haste
Comestibles
 f - 13 rations


   Skills:
 + Level 3.8 Fighting
 + Level 5.9 Short Blades
 - Level 1.6 Polearms
 - Level 4.1 Armour
 + Level 4.1 Dodging
 - Level 1.6 Stealth
 * Level 11.1 Spellcasting
 + Level 4.8 Conjurations
 * Level 4.6 Hexes
 + Level 4.1 Translocations
 + Level 5.7 Fire Magic
 + Level 6.2 Air Magic
 + Level 8.8 Poison Magic
 - Level 1.0 Evocations


You had 11 spell levels left.
You knew the following spells:

 Your Spells              Type           Power        Failure   Level  Hunger
a - Corona                Hex            ####...      1%          1    None
b - Blink                 Tloc           N/A          1%          2    None
c - Mephitic Cloud        Conj/Pois/Air  #####...     1%          3    None
d - Dazzling Spray        Conj/Hex       ####..       2%          3    None
e - Shock                 Conj/Air       ####         1%          1    None
f - Conjure Flame         Conj/Fire      ####....     1%          3    None
k - Tukima's Dance        Hex            ####....     2%          3    None
v - Poisonous Vapours     Pois/Air       #####.       1%          2    None
x - Olgreb's Toxic Radia  Pois           #####...     1%          4    #......

Your spell library contained the following spells:

 Spells                   Type           Power        Failure   Level  Hunger
 Flame Tongue             Conj/Fire      ####.        1%          1    None
 Magic Dart               Conj           ####         1%          1    None
 Sting                    Conj/Pois      ####         1%          1    None
 Slow                     Hex            ####....     1%          2    None
 Static Discharge         Conj/Air       ####....     1%          3    None
 Confuse                  Hex            ####....     2%          3    None
 Spider Form              Tmut/Pois      ####......   2%          3    None
 Ensorcelled Hibernation  Hex/Ice        ###...       3%          2    None
 Beastly Appendage        Tmut           ##....       6%          1    None
 Summon Butterflies       Summ           ##......     6%          1    None
 Call Imp                 Summ           ##......     9%          2    None
 Sticks to Snakes         Tmut           ##......     9%          2    None
 Venom Bolt               Conj/Pois      #####.....   10%         5    ####...
 Call Canine Familiar     Summ           ##......     17%         3    None
 Ice Form                 Ice/Tmut       ##......     50%         4    #......
 Summon Ice Beast         Ice/Summ       ##......     50%         4    #......
 Summon Mana Viper        Hex/Summ       ###.....     52%         5    ####...
 Blade Hands              Tmut           ##........   85%         5    ####...
 Summon Hydra             Summ           ##........   100%        7    #######


Dungeon Overview and Level Annotations

Branches:
Dungeon (13/15)            Temple (0/1) D:5            Lair (3/6) D:10
  Swamp (0/4) Lair:3        Snake (1/4) Lair:3          Orc (0/2) D:9
  IceCv (visited)         Gauntlet (visited)
 Vaults: D:13-14

Altars:
Cheibriados
Dithmenos
Fedhas
Okawaru
Qazlal
Uskayaw
Xom
Zin

Annotations:
D:6 1 runed translucent door, Lanoc's ghost, novice OpVM
D:8 Gastronok
D:10 exclusion: oklob plant
D:13 Kirke


Innate Abilities, Weirdness & Mutations

You have large cloven feet.
You have a moderately thin skeletal structure. (Dex +4, Stealth+)
Your flesh is cold resistant. (rC+)
A weak demonic guardian rushes to your aid.
You are immune to freezing clouds.


Message History

The naga warrior spits poison at you.
The splash of poison hits you but does no damage.
You resist. The naga warrior constricts you.
The naga sharpshooter shoots an arrow.
The arrow is repelled.
As you read the scroll of teleportation, it crumbles to dust.
You feel strangely unstable. The naga warrior barely misses you.
The naga warrior constricts you.
The naga sharpshooter mumbles some strange words.
The naga sharpshooter magically shoots an arrow.
The arrow hits you.
* * * LOW HITPOINT WARNING * * *
The naga warrior's grasp on you weakens, but your attempt to escape fails.
The naga sharpshooter unwields a +0 hand axe.
The naga sharpshooter wields a +0 shortbow.
The naga sharpshooter casts a spell.
The naga sharpshooter magically shoots an arrow.
The arrow hits you!
* * * LOW HITPOINT WARNING * * *
The naga warrior hits you with a +0 trident!!
You die...

... .. ..
##.# #.##
#... ...###
+.⌠.##
##.⌠...
#..N.#
#...(#
#N..###...#
#N...#.@[.#
#NN.S.N.##
#.<.N.>.#
#..((..(#
#....#....#
#...###...#
#....#
#....#
...⌠.##
##.⌠.+
.#... ...#


You could see a naga warrior, 3 naga sharpshooters and a black mamba
(wandering).

Vanquished Creatures
  A minotaur (Gauntlet)
  A hydra (D:9)
  A two-headed ogre (D:9)
  A necromancer (IceCv)
  2 ugly things (D:11)
  A manticore (D:11)
  A centaur zombie (D:11)
  6 elephants (Lair:3)
  A moth of wrath (Gauntlet)
  5 ice statues (IceCv)
  3 spiny frogs
  A rime drake (Lair:3)
  A komodo dragon (Lair:3)
  8 ice devils (IceCv)
  A tyrant leech (Gauntlet)
  A hornet (D:7)
  A blink frog (Lair:3)
  2 hippogriffs (Lair:2)
  A wyvern (D:9)
  3 redbacks (Gauntlet)
  A hog (D:12)
  A hungry ghost (D:10)
  2 basilisks
  A steam dragon (D:8)
  A naga (Lair:3)
  4 insubstantial wisps (Lair:3)
  3 swamp worms (Gauntlet)
  5 porcupines
  8 water moccasins
  5 orc warriors
  A black bear (D:7)
  An eye of draining (D:10)
  3 sky beasts (D:10)
  A necrophage (D:8)
  7 ogres
  4 wolves (Lair:1)
  A phantom (D:10)
  8 centaurs
  3 crocodiles
  A big kobold (D:10)
  12 bullfrogs
  2 scorpions
  7 killer bees
  2 howler monkeys (D:11)
  4 electric eels (Lair:1)
  4 crimson imps
  6 bullfrog zombies
  2 draconian simulacra (IceCv)
  3 hounds
  3 jellies (D:10)
  An orc priest (D:6)
  3 iguanas
  8 orc wizards
  2 troll simulacra (IceCv)
  6 worker ants
  2 killer bee zombies (D:10)
  2 spriggan simulacra (IceCv)
  3 hound zombies
  A hound skeleton (D:6)
  A howler monkey zombie (D:5)
  3 worker ant zombies
  A howler monkey skeleton (D:6)
  2 naga simulacra (IceCv)
  18 adders
  2 ogre simulacra (IceCv)
  12 white imps (Lair:1)
  5 oozes (D:10)
  2 adder zombies
  An adder skeleton (D:7)
  3 worms
  4 dart slugs
  4 leopard geckos
  35 orcs
  4 bats
  5 giant cockroaches
  6 goblins
  8 hobgoblins
  13 jackals
  4 quokkas
  3 ball pythons
  3 frilled lizards
  A giant cockroach zombie (D:5)
  2 jackal skeletons (D:7)
  7 kobolds
  A leopard gecko skeleton (D:7)
  A leopard gecko zombie (D:5)
  A quokka skeleton (D:4)
  5 rats
333 creatures vanquished.

Vanquished Creatures (collateral kills)
  Erolcha (D:9)
  A naga sharpshooter (Lair:3)
  A minotaur zombie (Gauntlet)
  A hornet (D:12)
  2 blink frogs (Lair:3)
  A steam dragon (D:8)
  An insubstantial wisp (Lair:3)
  A porcupine (Lair:3)
  An ice beast (D:6)
  A sky beast (D:6)
  A phantom (D:4)
  A black bear (D:9)
  A wolf (Lair:1)
  A bullfrog (D:7)
  2 killer bees
  A hound skeleton (D:5)
  An adder zombie (D:5)
  5 orcs
  A giant cockroach zombie (D:5)
25 creatures vanquished.

Vanquished Creatures (others)
  A plant (D:10)
1 creature vanquished.

Grand Total: 359 creatures vanquished

Notes
Turn   | Place    | Note
-------+----------+-------------------------------------------
     0 | D:1      | Esekla the Demonspawn Wanderer began the quest for the Orb.
     0 | D:1      | Esekla set off with the following items: a +0 club, a +0
                  | robe, a ration; and the following spells available to
                  | memorise: Shock, Poisonous Vapours, Sting, Flame Tongue,
                  | Mephitic Cloud, Static Discharge, Conjure Flame, Olgreb's
                  | Toxic Radiance, Venom Bolt
     0 | D:1      | Reached XP level 1. HP: 13/13 MP: 4/4
     2 | D:1      | Learned a level 1 spell: Shock
     4 | D:1      | Learned a level 1 spell: Sting
   545 | D:1      | Gained mutation: A weak demonic guardian rushes to your
                  | aid. [demonic ancestry]
   545 | D:1      | Reached XP level 2. HP: 19/19 MP: 1/6
   656 | D:1      | Learned a level 2 spell: Poisonous Vapours
   869 | D:2      | Reached skill level 1 in Short Blades
   895 | D:2      | Gained mutation: You have a somewhat thin skeletal
                  | structure. (Dex +2, Stealth) [demonic ancestry]
   895 | D:2      | Reached XP level 3. HP: 24/24 MP: 1/8
  1188 | D:2      | Learned a level 3 spell: Mephitic Cloud
  1602 | D:2      | Found a blossoming altar of Fedhas.
  1620 | D:2      | Gained mutation: Your flesh is cold resistant. (rC+)
                  | [demonic ancestry]
  1620 | D:2      | Reached XP level 4. HP: 30/30 MP: 9/9
  1626 | D:2      | Reached skill level 4 in Spellcasting
  2234 | D:3      | Reached skill level 1 in Conjurations
  2451 | D:3      | Reached XP level 5. HP: 35/35 MP: 11/11
  2459 | D:3      | Learned a level 3 spell: Conjure Flame
  3232 | D:5      | Entered Level 5 of the Dungeon
  3277 | D:5      | Reached XP level 6. HP: 38/41 MP: 12/13
  3295 | D:5      | Reached skill level 5 in Spellcasting
  3453 | D:5      | Found a snail-covered altar of Cheibriados.
  3585 | D:4      | Reached skill level 1 in Fire Magic
  3729 | D:4      | Reached XP level 7. HP: 46/46 MP: 15/15
  3901 | D:4      | Found a shadowy altar of Dithmenos.
  4296 | D:4      | Reached skill level 1 in Armour
  4312 | D:4      | Learned a level 4 spell: Olgreb's Toxic Radiance
  4508 | D:5      | Reached skill level 1 in Dodging
  4567 | D:5      | Reached skill level 6 in Spellcasting
  4906 | D:6      | Found a runed translucent door.
  4907 | D:6      | Found a shimmering altar of Xom.
  4907 | D:6      | Noticed Lanoc's ghost (novice OpVM)
  4909 | D:6      | Noticed a +1 dagger of chaos
  5116 | D:5      | Found a staircase to the Ecumenical Temple.
  5123 | D:5      | Gained mutation: You have a moderately thin skeletal
                  | structure. (Dex +4, Stealth+) [demonic ancestry]
  5123 | D:5      | Reached XP level 8. HP: 53/53 MP: 17/17
  5581 | D:6      | Learned a level 2 spell: Blink
  5695 | D:6      | Reached skill level 1 in Fighting
  5910 | D:6      | Found a stormy altar of Qazlal.
  5932 | D:6      | Reached skill level 1 in Translocations
  5984 | D:6      | Found an iron altar of Okawaru.
  6476 | D:7      | Noticed a hornet
  6484 | D:7      | Killed a hornet
  6484 | D:7      | Reached skill level 7 in Spellcasting
  6484 | D:7      | Reached XP level 9. HP: 59/59 MP: 19/19
  6615 | D:7      | Reached skill level 5 in Poison Magic
  7095 | D:8      | Noticed Gastronok
  7523 | D:8      | Found a glowing silver altar of Zin.
  7695 | D:9      | Found a staircase to the Orcish Mines.
  7718 | D:9      | Noticed Erolcha
  7750 | D:9      | Found a hide-covered altar of Uskayaw.
  7752 | D:9      | Killed Erolcha
  7752 | D:9      | Reached skill level 8 in Spellcasting
  7759 | D:9      | Noticed a +0 dagger
  7759 | D:9      | Noticed a +0 dagger
  7809 | D:9      | Gained mutation: You are immune to freezing clouds.
                  | [demonic ancestry]
  7809 | D:9      | Reached XP level 10. HP: 49/67 MP: 5/22
  7847 | D:9      | Noticed a two-headed ogre
  7855 | D:9      | Killed a two-headed ogre
  7917 | D:9      | Got a faintly glowing hunting sling
  8021 | D:9      | Noticed a seven-headed hydra
  8034 | D:9      | Killed a seven-headed hydra
  8322 | D:10     | Entered Level 10 of the Dungeon
  9152 | D:10     | Reached skill level 5 in Air Magic
  9199 | D:10     | Noticed an oklob plant
  9411 | D:10     | Found a staircase to the Lair.
  9503 | D:10     | Reached skill level 9 in Spellcasting
  9731 | D:11     | Noticed a green ugly thing
  9743 | D:11     | Noticed a cyan ugly thing
  9748 | D:11     | Killed a green ugly thing
  9762 | D:11     | Killed a cyan ugly thing
  9795 | D:11     | Reached XP level 11. HP: 57/72 MP: 22/24
 10204 | D:12     | Learned a level 1 spell: Corona
 10208 | D:12     | Learned a level 3 spell: Dazzling Spray
 10212 | D:12     | Learned a level 3 spell: Tukima's Dance
 10300 | D:13     | Noticed Kirke
 10302 | D:13     | Noticed a harpy
 10304 | D:13     | Noticed a harpy
 10310 | D:12     | Reached skill level 5 in Fire Magic
 11031 | Lair:1   | Entered Level 1 of the Lair of Beasts
 11052 | Lair:1   | Found a frozen archway.
 11220 | IceCv    | Entered an ice cave
 11520 | IceCv    | Reached skill level 1 in Hexes
 13477 | IceCv    | HP: 2/72 [ice devil (6)]
 14829 | IceCv    | Reached skill level 5 in Short Blades
 14829 | IceCv    | Reached skill level 1 in Polearms
 15023 | IceCv    | Noticed a necromancer
 15040 | IceCv    | Killed a necromancer
 18016 | Lair:1   | Reached skill level 10 in Spellcasting
 18843 | Lair:2   | Found a gate leading to a gauntlet.
 18908 | Lair:2   | Identified the +9 hunting sling of Responsibility {speed,
                  | rF++} (You found it on level 9 of the Dungeon)
 18915 | Gauntlet | Entered a Gauntlet
 18915 | Gauntlet | Found a transporter.
 18918 | Gauntlet | Found a transporter.
 18919 | Gauntlet | Found a transporter.
 18923 | Gauntlet | Found a transporter.
 18924 | Gauntlet | Found a transporter.
 18926 | Gauntlet | Found a transporter.
 18936 | Gauntlet | Noticed a death yak
 18941 | Gauntlet | Found a transporter.
 18941 | Gauntlet | Noticed a death yak
 18941 | Gauntlet | Noticed a necromancer
 18944 | Gauntlet | Noticed a death yak
 18955 | Gauntlet | Found a transporter.
 18969 | Gauntlet | Found a transporter.
 18973 | Gauntlet | Found a transporter.
 18978 | Gauntlet | Noticed a death ooze
 18984 | Gauntlet | Found a transporter.
 19042 | Gauntlet | Noticed a death yak
 19042 | Gauntlet | Noticed a death yak
 19043 | Gauntlet | Noticed a death yak
 19046 | Gauntlet | Found a transporter.
 19173 | Gauntlet | Got a smoking helmet
 19175 | Gauntlet | Got a steaming amber ring
 19186 | Gauntlet | Identified the +2 helmet of Lucidity {rCorr} (You found it
                  | in a Gauntlet)
 19187 | Gauntlet | Identified the ring of Salvation {rF+ rC+ rN+ Dex+3} (You
                  | found it in a Gauntlet)
 19244 | Gauntlet | Gained mutation: You have large cloven feet. [demonic
                  | ancestry]
 19244 | Gauntlet | Reached XP level 12. HP: 81/81 MP: 22/26
 19261 | Gauntlet | Got a steaming lapis lazuli ring
 19407 | Gauntlet | Identified the ring "Hoisouh" {+Blink +Fly rF- Stlth+} (You
                  | found it in a Gauntlet)
 19414 | Gauntlet | Noticed a minotaur
 19436 | Gauntlet | Killed a minotaur
 19510 | Gauntlet | Got a distressingly furry ring mail
 19669 | Gauntlet | Identified the +0 ring mail "Eroja" {rCorr} (You found it
                  | in a Gauntlet)
 21124 | Lair:3   | Found a staircase to the Swamp.
 21204 | Lair:3   | Found a staircase to the Snake Pit.
 21775 | Lair:3   | Reached skill level 11 in Spellcasting
 22535 | Snake:1  | Entered Level 1 of the Snake Pit
 22535 | Snake:1  | Noticed a naga warrior
 22549 | Lair:3   | HP: 2/83 [naga sharpshooter/bolt (16)]
 22557 | Lair:3   | HP: 3/124 [poisoned by a naga sharpshooter (splash of
                  | poison)]
 22927 | Snake:1  | Mangled by a naga warrior

Levels and vault maps discovered:
D:1:      lightli_molten_gateway, layout_rooms
D:2:      layout_basic, fedhas_altar_2, first_ration
D:3:      wad_crossroads, layout_basic
D:4:      layout_basic, marbit_many_paths, kennysheep_small_square
D:5:      layout_loops_ring, slow_altar_1, temple_hall, serial_undead,
          serial_undead_a, serial_undead_a, serial_undead_b, serial_undead_c
D:6:      wander_river, layout_gridville, lemuel_round_altar, basic_altar,
          ebering_ghost_xom, hangedman_abyss_or_decor_slice
D:7:      lemuel_ice_spiral_2, layout_rooms, serial_curves, eino_curves_02,
          eino_curves_01, eino_curves_03, eino_curves_02
D:8:      kennysheep_steamy, layout_basic, zin_treasury, uniq_gastronok,
          uniq_grum
D:9:      layout_rooms, dancing_weapons_uskayaw, orc_0_dummy, kennysheep_path_1,
          uniq_erolcha
D:10:     layout_basic, lair_entry_dummy, hangedman_little_slice_of_home,
          nrook_loot_triangle, lemuel_oklob_altar
D:11:     layout_rooms
D:12:     layout_irregular_city, st_stairs_12
D:13:     layout_loops_ring, david_vaults_4, minmay_misc_feat_diagonals,
          uniq_kirke
Lair:1:   layout_cave_shapes, portal_ice_cave_entry_imps, minivault_19,
          disabler_island, grunt_megastairs_1
Lair:2:   layout_regular_city, gauntlet_entry_generic, serial_bayou_shore_b,
          grunt_megastairs_4, infiniplex_staircase_pool, serial_bayou_shore_a
Lair:3:   layout_roguey, minmay_swamp_entry_wisps, guppyfry_snake_entry_garden
Snake:1:  kennysheep_six_static_rooms, layout_onion_interference, serial_shops,
          shop, drop_trap, hangedman_snake_pattern, grunt_ministairs_13,
          lemuel_fruit_tree, uniq_aizul, uniq_jorgrun

Skill      XL: |  1  2  3  4  5  6  7  8  9 10 11 12 |
---------------+-------------------------------------+-----
Short Blades   | 1 2 3 4 5 |  5.9
Air Magic      | 3 4 5 6 |  6.2
Spellcasting   | 4 5 6 7 8 9 10 11 | 11.1
Conjurations   | 1 2 3 4 |  4.8
Fire Magic     | 1 2 3 4 5 |  5.7
Armour         | 1 3 4 |  4.1
Dodging        | 1 2 3 4 |  4.1
Poison Magic   | 3 4 5 7 8 |  8.8
Fighting       | 1 2 3 |  3.8
Translocations | 1 3 4 |  4.1
Hexes          | 2 4 |  4.6
Polearms       | 1 |  1.6
Stealth        | |  1.6
Evocations     | |  1.0

Action                   |  1- 3 |  4- 6 |  7- 9 | 10-12 || total
-------------------------+-------+-------+-------+-------++-------
Melee: Club              |     1 |       |       |       ||     1
       Dagger            |    11 |    79 |    83 |       ||   173
       Trident           |       |       |     5 |   319 ||   324
       Short sword       |       |       |   118 |   999 ||  1117
 Fire: Hunting sling     |       |       |       |    10 ||    10
Throw: Dart              |       |       |     2 |       ||     2
       Boomerang         |       |       |       |    61 ||    61
 Cast: Shock             |     6 |     7 |     4 |     7 ||    24
       Sting             |     6 |       |       |       ||     6
       Poisonous Vapours |    25 |    54 |    96 |   154 ||   329
       Mephitic Cloud    |       |     4 |     8 |     8 ||    20
       Conjure Flame     |       |     1 |     7 |    82 ||    90
       Blink             |       |       |     4 |    25 ||    29
       Dazzling Spray    |       |       |       |     8 ||     8
       Olgreb's Toxic Ra |       |       |       |     1 ||     1
  Use: Scroll            |       |     2 |    12 |    11 ||    25
       Potion            |       |       |       |    18 ||    18
 Stab: Sleeping          |       |     7 |     6 |    18 ||    31
       Confused          |       |       |     5 |     5 ||    10
       Distracted        |       |       |     1 |    12 ||    13
       Invisible         |       |       |       |     6 ||     6
  Eat: Chunk             |     3 |    10 |     5 |    21 ||    39
       Ration            |       |       |     2 |     8 ||    10
Armor: Robe              |     4 |    22 |       |       ||    26
       Leather armour    |       |     5 |    65 |       ||    70
       Steam dragon scal |       |       |     8 |   309 ||   317
       Skin              |       |       |       |     2 ||     2
Dodge: Dodged            |    19 |    41 |   125 |   533 ||   718
       Deflected         |       |       |       |     6 ||     6
